 Dungeon Crawl Stone Soup version 0.19.1 (webtiles) character file.

215067 kae the Fencer (level 19, -4/157 HPs)
             Began as a Formicid Fighter on Dec 15, 2016.
             Was the Champion of Okawaru.
             Slain by the 24-headed Lernaean hydra (8 damage)
             ... on level 4 of the Swamp.
             The game lasted 00:53:35 (30198 turns).

kae the Fencer (Formicid Fighter)                  Turns: 30198, Time: 00:53:35

Health: -4/157     AC: 30    Str: 36    XL:     19   Next: 74%
Magic:  19/20      EV: 12    Int: 12    God:    Okawaru [******]
Gold:   1989       SH: 25    Dex: 13    Spells: 0 memorised, 18 levels left

rFire  + . .     SeeInvis +     a - +3 scimitar (flame)
rCold  + + .     Gourm    .     R - +1 plate armour "Toraics" {rElec Str+3 Stlth+}
rNeg   . . .     Faith    .     B - +0 large shield "Xagyiptoec" {-Tele rPois Regen+ rCorr}
rPois  +         Spirit   .     (helmet unavailable)
rElec  +         Reflect  .     Q - +0 cloak of Iler {rC+ MR+ Int+3}
rCorr  +         Harm     .     L - +2 pair of gloves {Dex+3}
MR     +++++                    U - +2 pair of boots of kae's Resourcefulness {rPois MR+}
Stlth  ..........               m - amulet of regeneration
                                d - ring "Yrebuq" {rPois MR+++ MP-9 Str+5 Slay+2}
                                F - ring of Leamapn {rF+ rC+ MR+}

@: lethally poisoned (-4 -> -4), heroism
A: permanent stasis, dig shafts and tunnels, four strong arms, antennae 3
a: Dig, Shaft Self, Heroism, Finesse, Renounce Religion
}: 1/15 runes: gossamer


You were on level 4 of the Swamp.
You worshipped Okawaru.
Okawaru was exalted by your worship.
You were not hungry.

You visited 6 branches of the dungeon, and saw 32 of its levels.
You also visited: Sewer.

You collected 3824 gold pieces.
You spent 1835 gold pieces at shops.

Inventory:

Hand Weapons
 a - a +3 scimitar of flaming (weapon)
 b - a +2 scimitar of holy wrath
 c - a +2 falchion of electrocution
 e - a +0 great sword of draining
 g - the +7 demon blade "Qynoff" {venom, +Inv}
   (Okawaru gifted it to you on level 3 of the Swamp)

   It poisons the flesh of those it strikes.
   It lets you turn invisible.
Missiles
 N - 3 throwing nets (quivered)
Armour
 y - the +0 cloak of Okawaru's Envy {rPois rCorr Int-4 Stlth-}
   (Okawaru gifted it to you on level 6 of the Lair of Beasts)

   It affects your intelligence (-4).
   It protects you from poison.
   It protects you from acid and corrosion.
   It makes you less stealthy.
 B - the +0 large shield "Xagyiptoec" (worn) {-Tele rPois Regen+ rCorr}
   (Okawaru gifted it to you on level 6 of the Lair of Beasts)

   It protects you from poison.
   It prevents most forms of teleportation.
   It increases your rate of regeneration.
   It protects you from acid and corrosion.
 L - a +2 pair of gloves of dexterity (worn)
 Q - the +0 cloak of Iler (worn) {rC+ MR+ Int+3}
   (Okawaru gifted it to you on level 4 of the Swamp)

   It affects your intelligence (+3).
   It protects you from cold.
   It affects your resistance to hostile enchantments.
 R - the +1 plate armour "Toraics" (worn) {rElec Str+3 Stlth+}
   (Okawaru gifted it to you on level 1 of the Spider Nest)

   It affects your strength (+3).
   It insulates you from electricity.
   It makes you more stealthy.
 U - the +2 pair of boots of kae's Resourcefulness (worn) {rPois MR+}
   (Okawaru gifted it to you on level 3 of the Spider Nest)

   It protects you from poison.
   It affects your resistance to hostile enchantments.
Jewellery
 d - the ring "Yrebuq" (right hand) {rPois MR+++ MP-9 Str+5 Slay+2}
   (You bought it in a shop on level 12 of the Dungeon)

   [ring of strength]

   It affects your strength (+5).
   It affects your accuracy and damage with ranged weapons and melee attacks
   (+2).
   It protects you from poison.
   It affects your resistance to hostile enchantments.
   It affects your magic capacity (-9).
 m - an amulet of regeneration (around neck)
 z - an uncursed ring of protection from cold
 F - the ring of Leamapn (left hand) {rF+ rC+ MR+}
   (You found it on level 15 of the Dungeon)

   [ring of protection from cold]

   It protects you from fire.
   It protects you from cold.
   It affects your resistance to hostile enchantments.
 S - a +3 ring of strength {unknown}
 Y - an uncursed ring of positive energy
Wands
 H - a wand of iceblast (5/15)
Scrolls
 h - 5 scrolls of fog
 i - 5 scrolls of enchant weapon
 k - 4 scrolls of enchant armour
 p - a scroll of magic mapping
 q - a scroll of holy word
 u - a scroll of silence
 v - 14 scrolls of remove curse
 x - 3 scrolls of amnesia
 E - 7 scrolls of identify
 G - 9 scrolls of fear
 O - a scroll of acquirement
 P - 4 scrolls of recharging
 W - 2 scrolls of summoning
Potions
 l - 6 potions of cancellation
 n - 2 potions of lignification
 r - 6 potions of flight
 t - 15 potions of curing
 A - 2 potions of magic
 C - 6 potions of ambrosia
 D - 2 potions of might
 I - a potion of agility
 J - a potion of cure mutation
 M - a potion of resistance
 Z - 2 potions of heal wounds
Comestibles
 f - 18 bread rations
 j - a slice of pizza
 o - 9 royal jellies
 s - 14 meat rations
 w - 9 beef jerkies


   Skills:
 + Level 15.7(20.7) Fighting
 * Level 19.6(24.6) Long Blades
 + Level 15.8(20.8) Armour
 - Level 15.3(20.3) Shields
 + Level 13.6 Invocations


You had 18 spell levels left.
You didn't know any spells.

Dungeon Overview and Level Annotations

Branches:
Dungeon (15/15)            Temple (1/1) D:6            Lair (6/6) D:10
  Swamp (4/4) Lair:3       Spider (4/4) Lair:4        Slime (0/5) Lair:5
    Orc (2/2) D:12            Elf (0/3) Orc:2        Vaults (0/5) D:14
 Depths (0/5) D:15

Altars:
Cheibriados
Fedhas
Hepliaklqana
Makhleb
Nemelex Xobeh
Okawaru
Ru
Sif Muna
Uskayaw
Vehumet
Xom
Zin
Jiyva

Shops:
D:5 [   D:6 (   D:12 =   Orc:1 (   Orc:2 **[?

Annotations:
Lair:2 exclusion: oklob plant
Swamp:4 Lernaean hydra


Innate Abilities, Weirdness & Mutations

You are under a permanent stasis effect.
You can dig through walls and to a lower floor.
Your four strong arms can wield two-handed weapons with a shield.
You have a pair of large antennae on your head. (SInv)


Message History

Moving in this stuff is going to be slow.
You feel sick.
You block the seven-headed hydra's attack. x3
The seven-headed hydra bites you but does no damage.
The seven-headed hydra closely misses you.
The seven-headed hydra misses you.
The seven-headed hydra bites you but does no damage. x4
You block the seven-headed hydra's attack. x2
The seven-headed hydra barely misses you.
The seven-headed hydra bites you but does no damage.
The swamp dragon bites you but does no damage.
The swamp dragon claws you but does no damage.
The swamp dragon completely misses you. The 24-headed Lernaean hydra bites you.
* * * LOW HITPOINT WARNING * * *
The 24-headed Lernaean hydra closely misses you.
The 24-headed Lernaean hydra bites you!
* * * LOW HITPOINT WARNING * * *
The 24-headed Lernaean hydra bites you but does no damage. x2
The 24-headed Lernaean hydra bites you!
You die...

♣.≈...†.†..≈≈.♣♣♣≈≈♣♣≈≈♣
♣♣..♣..♣≈≈♣♣..≈♣♣♣...#≈≈≈#
♣♣≈≈≈#≈≈≈≈♣♣.≈..♣♣♣#≈≈♣≈≈≈≈≈♣
♣♣♣≈.≈≈≈≈≈♣♣♣...)#.♣
≈≈≈♣≈≈≈≈≈♣
♣≈..♣♣≈≈≈♣♣♣.#...#≈.♣≈≈♣♣
≈≈≈♣♣ ≈..♣♣♣.≈≈♣ ♣≈#..##
≈♣♣♣♣ ♣#≈♣ .♣♣♣ ♣.≈♣♣ .###.##
# ♣♣ ♣♣ ♣≈♣♣ ♣≈###≈.# ♣ .≈
♣♣#≈≈D@## ♣ .≈ #≈DDDD##≈#≈# ♣
#≈≈.kDD≈≈≈≈≈ ♣♣♣
#≈#≈.≈≈≈≈≈..≈ ≈.♣
#≈≈≈..#≈#D≈#. ≈≈♣
##≈≈.......≈. ♣♣♣
#≈≈.#≈#≈≈≈D≈ #≈§.≈≈≈.≈#.≈
#≈...≈#≈≈≈≈≈


You could see the 24-headed Lernaean hydra, an eight-headed hydra, a
seven-headed hydra, a five-headed hydra, 5 swamp dragons and a swamp drake.

Vanquished Creatures
  Jorgrun (Spider:3)
  Gastronok (D:9)
  3 thorn hunters
  The ghost of Philosophy the Peltast, an adept FoFi of Okawaru (Spider:1)
  A frost giant (shapeshifter) (D:15)
  5 ghost moths
  The ghost of Philosophy the Stickfighter, a journeyman FoFi of Okawaru (Lair:6)
  5 emperor scorpions
  A ghoul (D:15)
  An entropy weaver (Spider:3)
  4 spark wasps
  The ghost of Azzok the Protected, a journeyman MiFi of Okawaru (Lair:2)
  An ettin (D:15)
  Snorg (D:12)
  Josephine (D:10)
  The ghost of Quirk the Cleaver, a journeyman MiFi of Okawaru (Lair:1)
  8 vault guards (D:14)
  Erolcha (D:10)
  24 hydras
  3 catoblepae (Lair:6)
  3 ogre magi (D:15)
  A ghost crab (Swamp:3)
  Erica (D:8)
  A tengu warrior (D:15)
  5 alligators
  A death knight (D:14)
  18 death yaks (Lair:6)
  3 centaur warriors
  The ghost of Philosophy the Cruncher, a novice FoFi of Okawaru (D:10)
  7 orc high priests (Orc:2)
  4 spriggans
  3 skeletal warriors
  Nergalle (D:12)
  An unseen horror (D:7)
  A deep troll (D:15)
  2 spriggan druids (Swamp:3)
  11 swamp dragons
  A shambling mangrove (Swamp:4)
  8 hill giants
  A deep elf archer (D:15)
  10 orb spiders
  2 ugly things
  An orc sorcerer (Orc:2)
  A wolf spider zombie (D:15)
  9 orc knights
  A salamander (shapeshifter) (D:13)
  32 wolf spiders
  A cyclops (D:13)
  5 elephants
  Maurice (D:8)
  3 manticores (Lair:5)
  2 black mambas
  Joseph (D:8)
  A torpor snail (Lair:5)
  Psyche (D:11)
  4 centaur zombies
  12 spiny frogs
  4 rime drakes
  9 komodo dragons
  An efreet (D:15)
  A yaktaur (D:15)
  3 kobold demonologists
  A tengu conjurer (D:13)
  A freezing wraith (D:14)
  13 demonic crawlers
  A queen bee (Lair:5)
  33 jumping spiders
  3 meliai (Lair:5)
  4 trolls
  3 tyrant leeches
  13 hornets
  2 polar bears
  25 slime creatures
  19 blink frogs
  4 dream sheep (Lair:5)
  3 two-headed ogres
  6 bog bodies
  A meliai zombie (D:15)
  12 hippogriffs
  6 wraiths
  74 redbacks
  26 tarantellas
  A basilisk (shapeshifter) (D:13)
  56 yaks
  6 wyverns
  A basilisk (D:12)
  2 humans (D:11)
  Grum (D:8)
  4 hungry ghosts
  34 vampire mosquitoes
  2 wargs (Orc:2)
  19 swamp worms
  A soldier ant (D:12)
  26 insubstantial wisps
  A mottled dragon (D:13)
  9 water moccasins
  13 porcupines
  12 swamp drakes
  39 orc warriors
  12 ice beasts
  4 sky beasts
  An eye of draining (D:12)
  3 black bears
  3 phantoms
  3 necrophages
  10 ogres
  4 wolves
  16 centaurs
  12 crocodiles
  17 big kobolds
  18 bullfrogs
  A wyvern skeleton (D:9)
  A water moccasin skeleton (D:8)
  A scorpion (D:8)
  37 killer bees
  14 wights
  6 electric eels
  3 howler monkeys
  9 crimson imps
  3 bullfrog zombies
  A wyvern simulacrum (D:15)
  34 orc priests
  Crazy Yiuf (D:7)
  9 hounds
  8 jellies
  3 quasits
  5 iguanas
  19 orc wizards
  5 bullfrog skeletons
  3 centaur skeletons
  10 hell rats (Lair:3)
  12 worker ants
  A killer bee zombie (D:9)
  A hound zombie (D:5)
  2 mummies
  3 worker ant zombies
  A howler monkey zombie (D:6)
  4 gnolls (D:5)
  17 adders
  14 river rats
  3 shadow imps
  13 oozes
  An adder zombie (D:6)
  An adder skeleton (D:8)
  2 worms
  A dart slug (D:1)
  17 leopard geckos
  95 orcs
  7 bats
  A bat zombie (D:1)
  16 giant cockroaches
  9 goblins
  11 hobgoblins
  2 jackals (D:8)
  30 kobolds
  3 quokkas
  14 ball pythons
  18 frilled lizards
  2 giant cockroach zombies
  A leopard gecko skeleton (D:4)
  A quokka zombie (D:7)
  19 rats
  4 briar patches
1323 creatures vanquished.

Vanquished Creatures (others)
  A komodo dragon (D:10)
  A hornet (Swamp:3)
  A two-headed ogre (D:15)
  2 spriggans (Swamp:3)
  2 ogres (D:15)
  4 briar patches
  10 fungi
  7 plants (Lair:6)
  3 withered plants (D:15)
31 creatures vanquished.

Grand Total: 1354 creatures vanquished

Notes
Turn   | Place    | Note
-------+----------+-------------------------------------------
     0 | D:1      | kae the Formicid Fighter began the quest for the Orb.
     0 | D:1      | Reached XP level 1. HP: 18/18 MP: 1/1
    65 | D:1      | Reached XP level 2. HP: 24/24 MP: 2/2
   322 | D:1      | Reached XP level 3. HP: 25/29 MP: 3/3
   596 | D:2      | Reached skill level 3 in Long Blades
   605 | D:2      | Reached XP level 4. HP: 25/37 MP: 4/4
  1340 | D:2      | Found a sparkling altar of Nemelex Xobeh.
  1416 | D:2      | Reached XP level 5. HP: 42/42 MP: 5/5
  1759 | D:3      | Found a shimmering altar of Xom.
  2568 | D:4      | Reached skill level 4 in Long Blades
  2829 | D:4      | Reached XP level 6. HP: 47/48 MP: 6/6
  3076 | D:5      | Entered Level 5 of the Dungeon
  3196 | D:5      | Reached skill level 5 in Shields
  3344 | D:5      | Reached XP level 7. HP: 18/55 MP: 7/7
  3900 | D:5      | Reached skill level 5 in Long Blades
  3967 | D:5      | Found Poepteomoe's Armour Shoppe.
  4224 | D:6      | Reached skill level 5 in Fighting
  4273 | D:6      | Reached skill level 5 in Armour
  4275 | D:6      | Reached XP level 8. HP: 30/62 MP: 8/8
  4282 | D:6      | Reached skill level 6 in Long Blades
  4554 | D:6      | Found a glowing drain.
  4558 | Sewer    | Entered a sewer
  5029 | Sewer    | Reached XP level 9. HP: 69/69 MP: 9/9
  5205 | Sewer    | Reached skill level 7 in Long Blades
  5358 | D:6      | Found a staircase to the Ecumenical Temple.
  5381 | Temple   | Entered the Ecumenical Temple
  5391 | Temple   | Became a worshipper of Warmaster Okawaru
  5529 | D:6      | Found Vicawyef's Antique Weapon Shop.
  5545 | D:6      | Bought a runed scimitar for 260 gold pieces
  5994 | D:7      | Found a runed door.
  6117 | D:7      | Noticed an unseen horror
  6135 | D:7      | Killed an unseen horror
  6135 | D:7      | Reached * piety under Okawaru
  6135 | D:7      | Reached skill level 8 in Long Blades
  6467 | D:7      | Noticed Crazy Yiuf
  6471 | D:7      | Killed Crazy Yiuf
  6509 | D:8      | Identified a scroll of acquirement
  6626 | D:8      | Noticed Erica
  6635 | D:8      | Killed Erica
  6635 | D:8      | Reached ** piety under Okawaru
  6635 | D:8      | Reached skill level 9 in Long Blades
  6635 | D:8      | Reached XP level 10. HP: 67/79 MP: 7/10
  6649 | D:8      | Noticed Grum
  6834 | D:8      | Killed Grum
  7018 | D:8      | Reached *** piety under Okawaru
  7078 | D:8      | Noticed Maurice
  7091 | D:8      | Killed Maurice
  7583 | D:8      | Noticed Joseph
  7606 | D:8      | Killed Joseph
  7667 | D:8      | Reached **** piety under Okawaru
  7667 | D:8      | Reached skill level 10 in Long Blades
  8038 | D:9      | Noticed Gastronok
  8056 | D:9      | HP: 2/80 [Gastronok (30)]
  8059 | D:9      | Killed Gastronok
  8059 | D:9      | Reached ***** piety under Okawaru
  8059 | D:9      | Reached XP level 11. HP: 28/87 MP: 9/11
  8158 | D:9      | Reached skill level 10 in Shields
  8584 | D:9      | Reached skill level 11 in Long Blades
  8619 | D:9      | Received a gift from Okawaru
  8673 | D:9      | Got a polished scale mail {god gift}
  8687 | D:9      | Identified the +1 scale mail of Xuisoum {+Fly rF++ rC- Dex+3} (Okawaru gifted it to you on level 9 of the Dungeon)
  8738 | D:10     | Entered Level 10 of the Dungeon
  8798 | D:10     | Noticed Philosophy's ghost (novice FoFi)
  8821 | D:10     | Killed Philosophy's ghost
  8839 | D:10     | Reached XP level 12. HP: 88/96 MP: 12/12
  9131 | D:10     | Found a staircase to the Lair.
  9566 | D:10     | Reached skill level 10 in Armour
  9580 | D:10     | Reached skill level 12 in Long Blades
  9664 | D:10     | Noticed Erolcha
  9679 | D:10     | Killed Erolcha
  9679 | D:10     | Reached skill level 10 in Fighting
  9943 | D:11     | Noticed Psyche
  9963 | D:10     | You fall through a shaft for 2 floors!
 10071 | D:11     | Received a gift from Okawaru
 10275 | D:11     | Noticed Josephine
 10297 | D:10     | Killed Josephine
 10430 | D:11     | Reached XP level 13. HP: 92/104 MP: 13/13
 10628 | D:11     | Found an iron altar of Okawaru.
 10653 | D:11     | Killed Psyche
 10743 | Lair:1   | Entered Level 1 of the Lair of Beasts
 10835 | Lair:1   | Reached skill level 13 in Long Blades
 11064 | Lair:1   | Noticed a five-headed hydra
 11066 | Lair:1   | Noticed Quirk's ghost (journeyman MiFi)
 11077 | Lair:1   | Killed a one-headed hydra
 11104 | Lair:1   | HP: 2/104 [Quirk's ghost (10)]
 11105 | Lair:1   | Killed Quirk's ghost
 11105 | Lair:1   | Received a gift from Okawaru
 11125 | Lair:1   | HP: 5/105 [poisoned by Quirk's ghost]
 11959 | Lair:2   | Noticed Azzok's ghost (journeyman MiFi)
 12005 | Lair:2   | Killed Azzok's ghost
 12005 | Lair:2   | Reached skill level 1 in Invocations
 12215 | Lair:2   | Noticed a six-headed hydra
 12229 | Lair:2   | Killed a one-headed hydra
 12495 | Lair:2   | Found a blossoming altar of Fedhas.
 12822 | Lair:3   | Found a staircase to the Swamp.
 13785 | Lair:4   | Reached ****** piety under Okawaru
 13847 | Lair:4   | Found a hole to the Spider Nest.
 13872 | Lair:4   | Reached XP level 14. HP: 94/113 MP: 14/16
 13891 | Lair:4   | Reached skill level 14 in Long Blades
 14242 | Lair:4   | Received a gift from Okawaru
 14976 | Lair:5   | Received a gift from Okawaru
 15000 | Lair:5   | Reached skill level 5 in Invocations
 15568 | Lair:5   | Found a runed door.
 15568 | Lair:5   | Found a viscous altar of Jiyva.
 15673 | Lair:5   | Found a staircase to the Slime Pits.
 15698 | Lair:6   | Entered Level 6 of the Lair of Beasts
 15698 | Lair:6   | Noticed Philosophy's ghost (journeyman FoFi)
 15713 | Lair:6   | Received a gift from Okawaru
 15751 | Lair:6   | Killed Philosophy's ghost
 15897 | Lair:6   | Got a fine large shield {god gift}
 15908 | Lair:6   | Identified the +0 large shield "Xagyiptoec" {-Tele rPois Regen+ rCorr} (Okawaru gifted it to you on level 6 of the Lair of Beasts)
 16043 | Lair:6   | Reached skill level 15 in Long Blades
 16153 | Lair:6   | Reached XP level 15. HP: 121/121 MP: 19/19
 16951 | Lair:6   | Received a gift from Okawaru
 16954 | Lair:6   | Got a heavily runed cloak {god gift}
 16982 | Lair:6   | Identified the +0 cloak of Okawaru's Envy {rPois rCorr Int-4 Stlth-} (Okawaru gifted it to you on level 6 of the Lair of Beasts)
 17759 | D:12     | Found a staircase to the Orcish Mines.
 17956 | D:12     | Found Wolam's Jewellery Shoppe.
 17961 | D:12     | Bought the ring "Yrebuq" {rPois MR+++ MP-9 Str+5 Slay+2} for 1152 gold pieces
 17961 | D:12     | Bought a cursed amulet of inaccuracy for 32 gold pieces
 18099 | D:12     | Noticed Nergalle
 18107 | D:12     | Killed Nergalle
 18197 | D:12     | Noticed Snorg
 18213 | D:12     | Killed Snorg
 18503 | D:13     | Reached skill level 16 in Long Blades
 18617 | D:13     | Reached XP level 16. HP: 129/129 MP: 13/22
 19409 | D:14     | Found a gate to the Vaults.
 19427 | D:14     | Received a gift from Okawaru
 20056 | D:15     | Entered Level 15 of the Dungeon
 20419 | D:15     | Received a gift from Okawaru
 20601 | D:15     | Reached skill level 15 in Shields
 20672 | D:15     | Found a frozen archway.
 20676 | D:15     | Received a gift from Okawaru
 20761 | D:15     | Got a shimmering silver ring
 20784 | D:15     | Found a staircase to the Depths.
 20927 | D:15     | Noticed a frost giant
 20941 | D:15     | Killed a frost giant
 20952 | D:15     | Reached XP level 17. HP: 116/138 MP: 15/24
 21141 | D:15     | Identified the ring of Leamapn {rF+ rC+ MR+} (You found it on level 15 of the Dungeon)
 21227 | Orc:1    | Entered Level 1 of the Orcish Mines
 21428 | Orc:2    | Entered Level 2 of the Orcish Mines
 21468 | Orc:2    | Reached skill level 17 in Long Blades
 21531 | Orc:1    | Found Ceasix's Antique Weapon Shoppe.
 21783 | Orc:2    | Reached skill level 10 in Invocations
 21892 | Orc:2    | Found a staircase to the Elven Halls.
 22457 | Orc:2    | Found Wughugh's Magic Scroll Boutique.
 22460 | Orc:2    | Found Kicy's Assorted Antiques.
 22461 | Orc:2    | Found Iggije's Armour Boutique.
 22462 | Orc:2    | Found Coidiffe's Assorted Antiques.
 22466 | Orc:2    | Bought 2 cyan potions for 41 gold pieces
 22468 | Orc:2    | Bought a scroll labeled NIAZOIW HATO for 31 gold pieces
 22468 | Orc:2    | Bought a scroll labeled GIYPIA RILYILI for 31 gold pieces
 22468 | Orc:2    | Bought a scroll of enchant weapon for 232 gold pieces
 22469 | Orc:2    | Bought a scroll of identify for 28 gold pieces
 22469 | Orc:2    | Bought a scroll of identify for 28 gold pieces
 23045 | Spider:1 | Entered Level 1 of the Spider Nest
 23293 | Spider:1 | Noticed Philosophy's ghost (adept FoFi)
 23314 | Spider:1 | Killed Philosophy's ghost
 23474 | Spider:1 | Received a gift from Okawaru
 23478 | Spider:1 | Got a heavily runed plate armour {god gift}
 23489 | Spider:1 | Identified the +1 plate armour "Toraics" {rElec Str+3 Stlth+} (Okawaru gifted it to you on level 1 of the Spider Nest)
 24439 | Spider:3 | Identified the Reference Book on the Oath and Cold
 24712 | Spider:3 | Noticed Jorgrun
 24737 | Spider:3 | Killed Jorgrun
 25294 | Spider:3 | Reached XP level 18. HP: 129/147 MP: 17/26
 25297 | Spider:3 | Reached skill level 18 in Long Blades
 25446 | Spider:3 | Received a gift from Okawaru
 25449 | Spider:3 | Got a pair of scorched boots {god gift}
 25455 | Spider:3 | Identified the +2 pair of boots of kae's Resourcefulness {rPois MR+} (Okawaru gifted it to you on level 3 of the Spider Nest)
 25951 | Spider:4 | Entered Level 4 of the Spider Nest
 26554 | Spider:4 | Received a gift from Okawaru
 26554 | Spider:4 | Reached skill level 15 in Armour
 26893 | Spider:4 | Reached skill level 15 in Fighting
 26960 | Spider:4 | Got a gossamer rune of Zot
 27373 | Swamp:1  | Entered Level 1 of the Swamp
 27741 | Swamp:1  | Reached XP level 19. HP: 144/155 MP: 17/28
 27755 | Swamp:1  | Reached skill level 19 in Long Blades
 28256 | Swamp:1  | Received a gift from Okawaru
 29069 | Swamp:3  | Received a gift from Okawaru
 29091 | Swamp:3  | Got an iridescent demon blade {god gift}
 29092 | Swamp:3  | Identified the +7 demon blade "Qynoff" {venom, +Inv} (Okawaru gifted it to you on level 3 of the Swamp)
 29769 | Swamp:4  | Entered Level 4 of the Swamp
 30065 | Swamp:4  | Received a gift from Okawaru
 30068 | Swamp:4  | Got a scorched cloak {god gift}
 30111 | Swamp:4  | Identified the +0 cloak of Iler {rC+ MR+ Int+3} (Okawaru gifted it to you on level 4 of the Swamp)
 30186 | Swamp:4  | Noticed the 27-headed Lernaean hydra
 30198 | Swamp:4  | HP: 4/157 [the 24-headed Lernaean hydra (11)]
 30198 | Swamp:4  | Slain by the 24-headed Lernaean hydra

Skill      XL: |  1  2  3  4  5  6  7  8  9 10 11 12 13 14 15 16 17 18 19 |
---------------+----------------------------------------------------------+-----
Long Blades    | 3 4 5 6 9 10 11 12 13 15 16 17 18 19 | 19.6
Shields        | 4 5 6 8 9 10 11 12 13 14 15 | 15.3
Fighting       | 4 5 7 8 9 10 11 12 13 14 15 | 15.7
Armour         | 4 5 7 8 9 10 11 12 13 14 15 | 15.8
Invocations    | 3 6 8 9 11 12 13 | 13.6

Action                   |  1- 3 |  4- 6 |  7- 9 | 10-12 | 13-15 | 16-18 | 19-21 || total
-------------------------+-------+-------+-------+-------+-------+-------+-------++-------
Melee: Long sword        |    73 |   232 |   338 |       |       |       |       ||   643
       Scimitar          |       |       |    50 |   688 |  1294 |  1807 |   400 ||  4239
       Falchion          |       |       |       |       |    68 |       |       ||    68
       Great sword       |       |       |       |       |     6 |       |       ||     6
       Demon blade       |       |       |       |       |       |       |   205 ||   205
Invok: Heroism           |       |       |     1 |     5 |    16 |    16 |     5 ||    43
       Finesse           |       |       |       |       |       |     1 |       ||     1
 Abil: Dig               |       |     1 |     2 |    16 |    12 |    16 |       ||    47
  Use: Scroll            |       |    13 |    10 |     4 |     8 |     7 |       ||    42
       Potion            |       |     1 |     4 |     4 |     1 |     2 |       ||    12
 Stab: Invisible         |       |       |       |     4 |       |       |       ||     4
       Distracted        |       |       |       |       |       |     1 |       ||     1
       Confused          |       |       |       |       |       |     1 |       ||     1
  Eat: Chunk             |       |     3 |    18 |    16 |    27 |    11 |     3 ||    78
       Meat ration       |       |     1 |       |       |       |       |       ||     1
       Fruit             |       |       |       |       |     1 |    11 |       ||    12
       Bread ration      |       |       |       |       |     1 |       |     1 ||     2
       Pizza             |       |       |       |       |       |     8 |       ||     8
       Royal jelly       |       |       |       |       |       |     1 |       ||     1
Armor: Scale mail        |    39 |    77 |   113 |   177 |   240 |   189 |       ||   835
       Plate armour      |       |       |       |       |       |   347 |   334 ||   681
Dodge: Dodged            |    15 |    63 |   118 |   167 |   286 |   370 |   167 ||  1186
Block: Shield            |    34 |   112 |   251 |   372 |   493 |       |       ||  1262
       Large shield      |       |       |       |       |   342 |  1658 |   645 ||  2645
       Rpst.: Long sword |     7 |    24 |    42 |       |       |       |       ||    73
       Scimitar          |       |       |     6 |    46 |    74 |    63 |    14 ||   203
       Falchion          |       |       |       |       |     5 |       |       ||     5
       Demon blade       |       |       |       |       |       |       |     5 ||     5
